Map: Deathaura LE

Players

Stats - Winner!

  • Race: Protoss Protoss
  • Spawn Location: 11:00

Cure

  • Race: Terran Terran
  • Spawn Location: 5:00

Event: IEM Katowice 2021

VOD

Have the link to the VOD?

Description

Time

  • Played on: Feb. 25, 2021, 11:15 a.m.
  • Length: 12:29

All games in this series

Show
View Real Time Build Order
Export as new Build Order

Stats Protoss - Winner!

Build Orders: 1 Gate Expand, Zealot Archon, Archon Drop, Dark Templar Rush 

Get SALT Encoding   

  12  0:00  Probe  
  13  0:12  Probe  
  14  0:17  Pylon  
  14  0:24  Probe (Chrono Boost)  
  15  0:35  Gateway  
  15  0:36  Probe (Chrono Boost)  
  16  0:44  Probe (Chrono Boost)  
  16  0:46  Assimilator  
  17  0:51  Probe  
  18  1:03  Probe  
  19  1:15  Probe  
  20  1:23  Cybernetics Core  
  20  1:31  Nexus  
  20  1:34  Probe  
  21  1:40  Pylon  
  21  1:45  Assimilator  
  21  1:47  Probe  
  22  1:56  Adept (Chrono Boost)  
  22  1:59  Probe  
  22  2:00  Warp Gate  
  25  2:11  Probe  
  25  2:14  Twilight Council  
  26  2:16  Adept (Chrono Boost)  
  28  2:23  Probe  
  30  2:37  Robotics Facility  
  30  2:38  Probe (Chrono Boost)  
  30  2:42  Probe (Chrono Boost)  
  33  2:52  Probe x2 (Chrono Boost)  
  33  2:57  Probe (Chrono Boost)  
  33  3:00  Probe  
  35  3:07  Gateway  
  35  3:10  Dark Shrine  
  35  3:16  Probe x2  
  37  3:21  Gateway  
  37  3:26  Warp Prism (Chrono Boost)  
  39  3:31  Probe (Chrono Boost)  
  41  3:34  Assimilator  
  41  3:35  Probe (Chrono Boost)  
  41  3:38  Pylon  
  41  3:40  Probe (Chrono Boost)  
  42  3:46  Probe  
  43  3:48  Probe  
  43  3:50  Stalker  
  46  3:57  Pylon  
  46  3:58  Probe  
  46  4:00  Probe  
  48  4:10  Pylon, Probe  
  48  4:12  Probe  
  48  4:16  Nexus  
  50  4:24  Probe  
  50  4:25  Probe  
  50  4:26  Dark Templar x2  
  50  4:29  Dark Templar  
  58  4:35  Pylon  
  58  4:44  Probe x2  
  56  4:53  Assimilator  
  56  4:54  Pylon  
  56  4:58  Shield Battery  
  56  5:00  Dark Templar x2  
  56  5:03  Probe x2  
  56  5:05  Pylon  
  56  5:06  Archon  
  62  5:10  Shield Battery  
  62  5:12  Dark Templar  
  64  5:15  Pylon, Probe x2  
  64  5:17  Forge  
  64  5:18  Archon  
  66  5:24  Immortal (Chrono Boost)  
  70  5:30  Probe x2  
  70  5:31  Blink (Chrono Boost), Probe  
  75  5:43  Probe (Chrono Boost)  
  75  5:46  Probe x2 (Chrono Boost)  
  75  5:48  Gateway  
  76  5:53  Probe (Chrono Boost)  
  76  5:56  Protoss Ground Weapons Level 1 (Chrono Boost), Probe x2 (Chrono Boost)  
  79  5:58  Immortal, Probe (Chrono Boost)  
  79  6:03  Stalker  
  86  6:07  Stalker  
  86  6:08  Probe  
  86  6:09  Probe  
  90  6:14  Stalker  
  91  6:25  Gateway  
  91  6:28  Gateway  
  91  6:31  Gateway  
  91  6:32  Shield Battery  
  91  6:37  Stalker x2  
  91  6:38  Gateway  
  95  6:40  Zealot  
  95  6:41  Pylon  
  95  6:45  Zealot  
  94  6:55  Pylon x2  
  94  6:58  Charge (Chrono Boost)  
  94  7:00  Probe x2  
  94  7:01  Assimilator, Probe  
  97  7:03  Assimilator, Sentry x2  
  97  7:07  Templar Archives  
  97  7:08  Zealot x2  
  103  7:17  Probe x3  
  103  7:21  Stalker, Gateway x2  
  108  7:29  Probe x3  
  111  7:31  Stalker x2  
  111  7:32  Stalker  
  117  7:38  Photon Cannon  
  117  7:43  Zealot x4  
  125  7:51  Zealot  
  117  7:54  Observer (Chrono Boost)  
  117  7:55  Pylon  
  117  7:56  Pylon  
  112  8:08  Psionic Storm  
  112  8:09  Pylon x2  
  112  8:10  High Templar x2  
  116  8:19  High Templar  
  118  8:20  Zealot x7  
  132  8:30  Protoss Ground Armor Level 1  
  132  8:34  Pylon  
  132  8:36  Pylon  
  132  8:37  Pylon  
  132  8:48  Stalker x2  
  132  8:54  Nexus, High Templar  
  138  8:57  High Templar  
  138  8:58  Pylon, High Templar  
  138  8:59  Zealot x4  
  150  9:14  Zealot x3  
  151  9:24  Observer (Chrono Boost)  
  150  9:26  Forge  
  150  9:27  Probe x3  
  153  9:37  Zealot x10  
  172  9:43  Probe x3  
  147  10:04  Zealot x8  
  147  10:05  Zealot x2  
  133  10:18  Probe x4  
  131  10:22  Archon  
  131  10:27  Warp Prism (Chrono Boost), High Templar x4  
  123  10:28  High Templar  
  123  10:29  Zealot x2, Sentry x2, High Templar  
  127  10:40  Archon x2  
  127  10:43  Shield Battery  
  127  10:45  Photon Cannon  
  127  10:51  Robotics Bay  
  127  10:52  Robotics Facility  
  127  10:56  Robotics Facility  
  127  11:01  Zealot x7  
  141  11:15  Stalker x3  
  147  11:19  Observer  
  148  11:26  Stalker x6  
  148  11:29  Zealot  
  162  11:37  Disruptor x2 (Chrono Boost)  
  160  11:45  Disruptor (Chrono Boost)  
  169  11:51  Zealot x8  
  173  12:09  Archon  
  173  12:12  Zealot x2  
  173  12:13  Zealot x8  
Show
View Real Time Build Order
Export as new Build Order

Cure Terran 

Build Orders:  

Get SALT Encoding   

  12  0:00  SCV  
  13  0:12  SCV  
  14  0:16  Supply Depot  
  14  0:24  SCV  
  15  0:38  SCV  
  15  0:39  Barracks  
  15  0:42  Refinery  
  16  0:50  SCV  
  17  1:02  SCV  
  18  1:14  SCV  
  19  1:26  Marine, Orbital Command  
  20  1:39  Command Center  
  20  1:50  Factory  
  20  1:54  SCV  
  21  2:01  Barracks Reactor  
  21  2:06  Bunker  
  21  2:08  SCV  
  21  2:15  Supply Depot  
  22  2:20  SCV  
  23  2:28  Barracks  
  24  2:37  SCV  
  24  2:41  Hellion  
  24  2:43  Hellion  
  28  2:49  SCV  
  29  2:52  Orbital Command  
  30  3:01  SCV  
  30  3:13  SCV, Marine  
  30  3:14  Widow Mine, Marine  
  30  3:17  Refinery, Barracks Tech Lab  
  30  3:18  SCV  
  36  3:26  SCV  
  37  3:30  SCV  
  37  3:32  Marine x2  
  40  3:35  Marine, Supply Depot  
  40  3:36  Stimpack  
  40  3:38  SCV  
  42  3:43  SCV  
  43  3:50  SCV, Starport  
  43  3:54  Marine  
  43  3:55  SCV  
  46  3:56  Marine  
  46  3:58  Factory Reactor  
  46  3:59  Supply Depot  
  46  4:02  SCV  
  48  4:07  SCV  
  49  4:14  SCV, Marine x2  
  49  4:15  Marauder  
  54  4:18  Engineering Bay  
  54  4:19  SCV  
  53  4:26  SCV  
  54  4:31  SCV  
  54  4:36  Marine x2  
  60  4:38  SCV  
  60  4:40  Viking  
  58  4:46  Missile Turret  
  58  4:51  Missile Turret  
  58  4:52  SCV x2  
  57  4:54  Medivac  
  57  5:01  Terran Infantry Weapons Level 1  
  57  5:04  SCV x2, Supply Depot  
  62  5:13  Medivac  
  61  5:14  Supply Depot  
  61  5:16  SCV  
  61  5:20  Refinery  
  62  5:25  SCV, Marine x2  
  62  5:26  Marauder  
  67  5:31  Factory Tech Lab  
  67  5:32  Supply Depot  
  67  5:33  SCV  
  67  5:34  Barracks  
  68  5:37  SCV  
  68  5:39  Medivac  
  71  5:47  Marauder, Marine x2, Refinery  
  75  5:52  SCV x2  
  77  6:01  Factory Reactor  
  77  6:03  Medivac  
  79  6:04  SCV  
  79  6:05  SCV, Supply Depot, Marine  
  79  6:06  Supply Depot  
  82  6:16  Medivac  
  84  6:24  Combat Shield  
  84  6:25  Command Center  
  84  6:26  Marauder, Marine  
  87  6:35  Supply Depot  
  87  6:37  Marauder, Marine  
  94  6:40  Widow Mine x2  
  94  6:44  Marine  
  94  6:45  SCV x2  
  95  6:57  SCV x2  
  95  6:58  Terran Infantry Armor Level 1, Armory  
  95  7:00  Marauder  
  95  7:01  Marine  
  99  7:04  Barracks  
  99  7:07  Widow Mine x2, Barracks  
  104  7:14  Medivac  
  104  7:15  Medivac  
  108  7:17  SCV x2  
  108  7:22  Supply Depot x2  
  110  7:36  Marauder x2, Marine x2, Widow Mine x2  
  120  7:43  Concussive Shells  
  120  7:44  SCV x2  
  120  7:46  Missile Turret  
  116  7:52  Barracks Tech Lab  
  116  7:58  Marauder x2  
  117  7:59  Widow Mine x2  
  117  8:04  SCV x2  
  123  8:08  Barracks Reactor  
  123  8:09  Marine  
  123  8:10  Marine  
  123  8:12  Orbital Command  
  123  8:16  SCV x2, Ghost Academy  
  123  8:19  Marauder x2  
  127  8:25  Marauder  
  129  8:35  Marine x2, Refinery  
  129  8:38  Refinery  
  129  8:40  SCV x3  
  134  8:43  Supply Depot  
  134  8:44  Supply Depot  
  134  8:45  Enhanced Shockwaves  
  134  8:52  Ghost x2  
  138  8:56  Ghost  
  138  8:57  Marine  
  138  9:02  Supply Depot x2  
  141  9:03  Marine x3  
  141  9:06  Supply Depot  
  141  9:09  SCV x2  
  139  9:10  SCV  
  137  9:21  Marine x4, Ghost x2  
  137  9:22  Widow Mine x2  
  141  9:24  Ghost  
  141  9:26  SCV x3  
  141  9:28  Terran Infantry Weapons Level 2  
  146  9:40  Marine x4  
  146  9:41  Medivac  
  146  9:42  Missile Turret  
  156  9:45  Widow Mine  
  156  9:46  Widow Mine  
  156  9:49  Ghost  
  153  9:57  Marine  
  153  9:58  Marauder, Marine x2  
  134  10:02  Marine x2  
  123  10:07  Widow Mine x2  
  112  10:15  Marine  
  112  10:16  Marauder, Marine  
  112  10:19  Marauder, Marine  
  112  10:20  Marine x2  
  111  10:33  Marine x2  
  113  10:36  Ghost x2  
  113  10:39  Ghost  
  119  10:47  Command Center  
  119  10:55  Marine x3  
  122  10:59  Marine  
  123  11:05  Ghost  
  123  11:06  Ghost  
  123  11:08  Ghost  
  129  11:13  Marine  
  129  11:14  Medivac  
  129  11:15  Medivac  
  129  11:16  Widow Mine  
  129  11:17  Widow Mine  
  138  11:23  Supply Depot  
  138  11:24  Supply Depot  
  138  11:31  Marine x4  
  142  11:43  Supply Depot  
  142  11:44  Marine, Viking x2  
  142  11:45  SCV x2  
  123  12:02  Marine x4  
  123  12:03  Marauder x2  

Tags
 
Add a new tag
Caveats
  • Supply blocks, unpowered buildings, or Contaminate may cause inaccurate times.
  • Supply counts are checked every 10 seconds.